 Dungeon Crawl Stone Soup version 0.22.0-16-gc6d26f6 (webtiles) character file.

20728 dysrexia the Basher (level 12, -23/97 HPs)
             Began as a Gnoll Chaos Knight on Aug 18, 2018.
             Was an Elder of Dithmenos.
             Annihilated by a sphinx (24 damage)
             ... summoned by Kirke
             ... while paralysed by a sphinx
             ... on level 5 of the Lair of Beasts.
             The game lasted 00:48:34 (13490 turns).

dysrexia the Basher (Gnoll Chaos Knight)           Turns: 13490, Time: 00:48:36

Health: -23/97     AC:  0    Str: 12 (14) XL:     12   Next: 82%
Magic:  0/23       EV:  3    Int:  9 (15) God:    Dithmenos [****..]
Gold:   1016       SH:  0    Dex: 15 (20) Spells: 26/26 levels left

rFire    . . .     SeeInvis .     - Unarmed
rCold    . . .     Gourm    .   (shield currently unavailable)
rNeg     . . .     Faith    .   (armour currently unavailable)
rPois    .         Spirit   .   (helmet currently unavailable)
rElec    .         Reflect  .   (cloak currently unavailable)
rCorr    .         Harm     .   (gloves currently unavailable)
MR       .....                  (boots currently unavailable)
Stlth    +++++.....             (no amulet)
HPRegen  0.26/turn              (ring currently unavailable)
MPRegen  0.18/turn              (ring currently unavailable)

@: paralysed, pig-form, slowed, wreathed by umbra, heavily drained, very quick
A: small, distributed training, deterioration 2, mutation resistance 1, subdued
magic 1, strong nose
a: Shadow Step, Renounce Religion


You were on level 5 of the Lair of Beasts.
You worshipped Dithmenos.
Dithmenos was greatly pleased with you.
You were hungry.
You were a filthy swine.
You visited 2 branches of the dungeon, and saw 14 of its levels.
You also visited: Labyrinth and Ossuary.

You collected 1016 gold pieces.

Inventory:

Hand Weapons
 q - a +2 whip of electrocution
 G - the +9 great mace of Isiol (melded) {crush, *Slow rC++ Int+3}
   (You found it in a labyrinth)

   It inflicts extra damage upon your enemies.
   It affects your intelligence (+3).
   It greatly protects you from cold.
   It may slow you when you take damage.
Missiles
 y - 2 throwing nets (quivered)
 Q - 18 poisoned needles
Armour
 i - a +0 large shield
 m - a scarf of spirit shield (melded)
 E - +0 fire dragon scales
 H - the cursed +0 steam dragon scales of the Lobster (melded) {+Blink Regen+}
   (You found it in a labyrinth)

   It lets you blink.
   It increases your rate of regeneration.
   It has a curse placed upon it.
 I - a +1 pair of boots of running (melded)
 L - a +2 helmet (melded)
 O - +0 swamp dragon scales
Jewellery
 e - an uncursed ring of magical power
 j - a +3 ring of strength {unknown}
 n - a cursed -6 ring of slaying {unknown}
 r - a cursed ring of attention {unknown}
 z - an uncursed ring of ice {unknown}
Wands
 k - a wand of paralysis (16)
 l - a wand of digging (13)
 B - a wand of polymorph (14)
 C - a wand of flame (49)
 F - a wand of iceblast (15)
 M - a wand of disintegration (15)
Scrolls
 d - a scroll of amnesia
 f - 5 scrolls of teleportation
 o - 2 scrolls of magic mapping
 p - 4 scrolls of enchant armour
 w - a scroll of identify
Potions
 b - a potion of magic
 g - 2 potions of heal wounds
 h - 2 potions of haste
 s - 5 potions of curing
 t - 3 potions of brilliance
 u - a potion of lignification
 v - 2 potions of ambrosia
 x - 4 potions of flight
 A - a potion of might
 D - a potion of resistance
 N - a potion of invisibility
Miscellaneous
 a - a sack of spiders
 J - a crystal ball of energy
Comestibles
 c - 22 rations


   Skills:
 + Level 10.2(8.3) Fighting
 + Level 7.8(6.0) Short Blades
 + Level 7.8(6.0) Long Blades
 + Level 7.8(6.0) Axes
 + Level 10.2(8.3) Maces & Flails
 + Level 7.8(6.0) Polearms
 + Level 7.8(6.0) Staves
 + Level 7.8(6.0) Slings
 + Level 7.8(6.0) Bows
 + Level 7.8(6.0) Crossbows
 + Level 7.8(6.0) Throwing
 + Level 9.1(7.3) Armour
 + Level 8.3(6.5) Dodging
 + Level 7.8(6.0) Stealth
 + Level 7.8(6.0) Shields
 + Level 7.8(6.0) Unarmed Combat
 + Level 7.8(6.0) Spellcasting
 + Level 6.5(4.8) Conjurations
 + Level 6.5(4.8) Hexes
 + Level 6.5(4.8) Charms
 + Level 6.5(4.8) Summonings
 + Level 6.5(4.8) Necromancy
 + Level 6.5(4.8) Translocations
 + Level 6.5(4.8) Transmutations
 + Level 6.5(4.8) Fire Magic
 + Level 6.5(4.8) Ice Magic
 + Level 6.5(4.8) Air Magic
 + Level 6.5(4.8) Earth Magic
 + Level 6.5(4.8) Poison Magic
 + Level 8.6(6.7) Invocations
 + Level 7.8(6.0) Evocations


You had 26 spell levels left.
You didn't know any spells.
Your spell library contained the following spells:

 Spells                   Type           Power        Failure   Level  Hunger
 Lightning Bolt           Conj/Air       #.........   61%         5    ######.
 Summon Small Mammal      Summ           #...         2%          1    None
 Summon Ice Beast         Ice/Summ       #.......     26%         4    ####...
 Call Imp                 Summ           #.......     3%          2    ##.....
 Shock                    Conj/Air       #...         2%          1    None
 Swiftness                Chrm/Air       #.......     3%          2    ##.....
 Spider Form              Tmut/Pois      #.........   8%          3    ###....
 Blade Hands              Tmut           #.........   61%         5    ######.
 Statue Form              Tmut/Erth      #........    99%         6    #######
 Ice Form                 Ice/Tmut       #.......     26%         4    ####...
 Airstrike                Air            #.........   26%         4    ####...
 Sticks to Snakes         Tmut           #.......     3%          2    ##.....
 Call Canine Familiar     Summ           #.......     8%          3    ###....
 Static Discharge         Conj/Air       #.......     8%          3    ###....
 Petrify                  Tmut/Erth      #.......     26%         4    ####...
 Beastly Appendage        Tmut           #.....       2%          1    None
 Summon Lightning Spire   Summ/Air       #.......     26%         4    ####...
 Summon Guardian Golem    Hex/Summ       #.......     8%          3    ###....
 Hydra Form               Tmut           #.........   99%         6    #######


Dungeon Overview and Level Annotations

Branches:
Dungeon (9/15)             Temple (0/1) D:6            Lair (5/6) D:9
  Swamp (0/4) Lair:4        Snake (0/4) Lair:3
  Slime: Lair:5-6       Orc: D:9-12

Altars:
Dithmenos
Kikubaaqudgha
Makhleb
Uskayaw
Wu Jian

Shops:
D:7 }

Annotations:
D:5 1 runed door, Verendum's ghost, amateur TeWr
Lair:5 exclusion: 4 death yaks, Kirke


Innate Abilities, Weirdness & Mutations

Your experience applies equally to all skills.
((You have extremely sharp teeth.))
Your uncanny sense of smell can sniff out nearby items.
Your body often deteriorates upon taking damage.
You are somewhat resistant to further mutation.
Your spells are a little easier to cast, but a little less powerful.


Message History

The sphinx hits you!
* * * LOW HITPOINT WARNING * * *
Your body deteriorates!
You feel dopey.
You feel as though you will be slow longer.
The sphinx hits you but does no damage. x2
The hog bites you but does no damage. The manticore bites you!
* * * LOW HITPOINT WARNING * * *
The manticore claws you.
* * * LOW HITPOINT WARNING * * *
The manticore claws you but does no damage.
Kirke gestures at you while chanting.
You turn into a filthy swine.
The +9 great mace of Isiol {crush, *Slow rC++ Int+3} melds into your body.
Your scarf of spirit shield melds into your body.
Your +2 helmet melds into your body.
Your +1 pair of boots of running melds into your body.
The cursed +0 steam dragon scales of the Lobster {+Blink Regen+} melds into your body.
You feel strangely alone.
You feel rather sluggish. The sphinx hits you!!
You die...
Xom howls with laughter!

.#..........##...#........
#............#.............
#...........##...#..........
##...#......#.....P........P.
.#...#.......#............PP...#
............#..§§.#......PPP....
##...##†....##§Fh§.......P#....
............##§HH#.........#.#
.........†..###hh#...........####
............##H@##P..............
..............hh§hSF....h........
...............S...h..@..........
##.P.##.....#..#.###.............
#### ##...P###### #.......PP.P#.
#....## #...........# ##....
#....#..P...# .P... #.....#.....#


You could see Kirke, a sphinx, 2 manticores, a spiny frog and 4 hogs.

Vanquished Creatures
  Gastronok (Lair:1)
  A minotaur (Lab)
  A hydra (Lair:1)
  2 two-headed ogres (D:8)
  Urug (Lair:4)
  Pikel (D:4)
  A lindwurm (Lair:5)
  3 elephants (Lair:2)
  2 black mambas
  5 spiny frogs
  3 komodo dragons
  A polar bear (Lair:3)
  Prince Ribbit (D:7)
  Grinder (D:4)
  5 dream sheep (Lair:3)
  3 blink frogs (Lair:5)
  4 hippogriffs
  Sigmund (D:4)
  5 yaks (Lair:1)
  2 wyverns (Lair:3)
  A human (D:9)
  5 hogs
  3 hungry ghosts
  8 porcupines
  3 water moccasins
  A sky beast (D:7)
  An orc warrior (D:9)
  7 ice beasts
  2 slaves
  2 ogres (D:6)
  11 crocodiles
  13 bullfrogs
  3 scorpions
  7 killer bees
  3 crimson imps
  A bullfrog zombie (D:5)
  A centaur zombie (Ossuary)
  A jelly (D:7)
  6 hounds
  5 orc wizards
  A gnoll shaman (D:5)
  A bullfrog skeleton (D:5)
  3 orc priests
  Jessica (D:2)
  Terence (D:2)
  An iguana (D:9)
  6 worker ants
  3 killer bee zombies
  A big kobold zombie (Ossuary)
  A hound zombie (D:7)
  Robin (D:3)
  5 mummies (Ossuary)
  A worker ant zombie (D:6)
  3 gnolls (D:3)
  A howler monkey skeleton (D:6)
  10 adders
  A shadow imp (D:5)
  An adder zombie (D:6)
  An adder skeleton (D:5)
  2 worms (D:3)
  A dart slug (D:3)
  4 leopard geckos
  38 orcs
  7 bats
  5 giant cockroaches
  13 goblins
  12 hobgoblins
  12 jackals
  2 quokkas
  2 ball pythons
  4 frilled lizards
  7 hobgoblin zombies (Ossuary)
  2 kobolds (D:1)
  2 leopard gecko skeletons
  A quokka zombie (D:7)
  3 rats
288 creatures vanquished.

Vanquished Creatures (collateral kills)
  A black mamba (Lair:3)
  A water moccasin (Lair:3)
  A crocodile (Lair:3)
3 creatures vanquished.

Vanquished Creatures (others)
  A human (D:3)
  3 fungi
  2 plants (Lair:5)
6 creatures vanquished.

Grand Total: 297 creatures vanquished

Notes
Turn   | Place    | Note
-------+----------+-------------------------------------------
     0 | D:1      | dysrexia the Gnoll Chaos Knight began the quest for the Orb.
     0 | D:1      | Reached XP level 1. HP: 23/23 MP: 1/1
   203 | D:1      | XOM: divination: detect items
   229 | D:1      | XOM: harmless Erth miscast
   279 | D:1      | Reached XP level 2. HP: 27/29 MP: 2/2
   339 | D:1      | XOM: harmless Fire miscast
   421 | D:1      | XOM: harmless Necr miscast
   543 | D:1      | XOM: divination: detect items
   693 | D:2      | Reached XP level 3. HP: 34/35 MP: 3/3
   712 | D:2      | Noticed Terence
   716 | D:2      | XOM: mild Summ miscast
   732 | D:2      | Killed Terence
   732 | D:2      | Reached skill level 1 in Invocations
   824 | D:2      | XOM: harmless Chrm miscast
   842 | D:2      | Found a faded altar of an unknown god.
   849 | D:2      | Fell from the grace of Xom
   849 | D:2      | Became a worshipper of Dithmenos the Shadowed
   849 | D:2      | Reached * piety under Dithmenos
   891 | D:2      | Reached skill level 1 in Short Blades
   891 | D:2      | Reached skill level 1 in Long Blades
   891 | D:2      | Reached skill level 1 in Axes
   891 | D:2      | Reached skill level 1 in Polearms
   891 | D:2      | Reached skill level 1 in Staves
   891 | D:2      | Reached skill level 1 in Slings
   891 | D:2      | Reached skill level 1 in Bows
   891 | D:2      | Reached skill level 1 in Crossbows
   891 | D:2      | Reached skill level 1 in Throwing
   891 | D:2      | Reached skill level 1 in Stealth
   891 | D:2      | Reached skill level 1 in Shields
   891 | D:2      | Reached skill level 1 in Unarmed Combat
   891 | D:2      | Reached skill level 1 in Spellcasting
   891 | D:2      | Reached skill level 1 in Evocations
   891 | D:2      | Reached XP level 4. HP: 30/41 MP: 5/5
  1010 | D:2      | Noticed Jessica
  1026 | D:2      | Killed Jessica
  1026 | D:2      | Reached skill level 1 in Conjurations
  1026 | D:2      | Reached skill level 1 in Hexes
  1026 | D:2      | Reached skill level 1 in Charms
  1026 | D:2      | Reached skill level 1 in Summonings
  1026 | D:2      | Reached skill level 1 in Necromancy
  1026 | D:2      | Reached skill level 1 in Translocations
  1026 | D:2      | Reached skill level 1 in Transmutations
  1026 | D:2      | Reached skill level 1 in Fire Magic
  1026 | D:2      | Reached skill level 1 in Ice Magic
  1026 | D:2      | Reached skill level 1 in Air Magic
  1026 | D:2      | Reached skill level 1 in Earth Magic
  1026 | D:2      | Reached skill level 1 in Poison Magic
  1201 | D:2      | XOM: mild Pois miscast
  1393 | D:2      | Reached XP level 5. HP: 47/47 MP: 6/6
  1466 | D:2      | XOM: mild Necr miscast
  1535 | D:3      | Noticed Robin
  1552 | D:3      | XOM: give mutations
  1552 | D:3      | Gained mutation: Your body sometimes deteriorates upon taking damage. [Xom's mischief]
  1552 | D:3      | Gained mutation: You have supernaturally acute eyesight. (SInv) [Xom's mischief]
  1552 | D:3      | Gained mutation: Your body often deteriorates upon taking damage. [Xom's mischief]
  1552 | D:3      | Gained mutation: You are frail. (-10% HP) [Xom's mischief]
  1555 | D:3      | Killed Robin
  1567 | D:3      | Reached ** piety under Dithmenos
  1686 | D:3      | XOM: mild Air miscast
  2063 | D:3      | Found an ancient bone altar of Kikubaaqudgha.
  2066 | D:3      | Noticed a human
  2067 | D:3      | Killed a human
  2250 | D:3      | Reached XP level 6. HP: 47/47 MP: 8/8
  2455 | D:4      | Found a sand-covered staircase.
  2466 | Ossuary  | XOM: noise
  2466 | Ossuary  | Entered an ossuary
  2483 | Ossuary  | Reached skill level 5 in Armour
  2551 | Ossuary  | XOM: god gift: 43 gold pieces
  2687 | D:4      | Reached XP level 7. HP: 53/53 MP: 10/10
  2753 | D:4      | Found a burning altar of Makhleb.
  2801 | D:4      | Noticed Grinder
  2850 | D:4      | Noticed Pikel
  3055 | D:4      | XOM: summons 8 hostile demons
  3124 | D:4      | XOM: give mutations
  3124 | D:4      | Gained mutation: Your spells are a little easier to cast, but a little less powerful. [Xom's mischief]
  3124 | D:4      | Gained mutation: You have extremely sharp teeth. [Xom's mischief]
  3124 | D:4      | Lost mutation: You have supernaturally acute eyesight. (SInv) [Xom's mischief]
  3153 | D:4      | Reached skill level 5 in Short Blades
  3153 | D:4      | Reached skill level 5 in Long Blades
  3153 | D:4      | Reached skill level 5 in Axes
  3153 | D:4      | Reached skill level 5 in Polearms
  3153 | D:4      | Reached skill level 5 in Staves
  3153 | D:4      | Reached skill level 5 in Slings
  3153 | D:4      | Reached skill level 5 in Bows
  3153 | D:4      | Reached skill level 5 in Crossbows
  3153 | D:4      | Reached skill level 5 in Throwing
  3153 | D:4      | Reached skill level 5 in Dodging
  3153 | D:4      | Reached skill level 5 in Stealth
  3153 | D:4      | Reached skill level 5 in Shields
  3153 | D:4      | Reached skill level 5 in Unarmed Combat
  3153 | D:4      | Reached skill level 5 in Spellcasting
  3153 | D:4      | Reached skill level 5 in Invocations
  3153 | D:4      | Reached skill level 5 in Evocations
  3153 | D:4      | Reached XP level 8. HP: 48/62 MP: 10/15
  3238 | D:4      | Noticed Sigmund
  3272 | D:4      | Killed Pikel
  3319 | D:4      | Killed Sigmund
  3436 | D:4      | Paralysed by Grinder for 7 turns
  3445 | D:4      | Killed Grinder
  3445 | D:4      | Reached XP level 9. HP: 20/67 MP: 16/16
  3680 | D:4      | XOM: give mutations
  3680 | D:4      | Lost mutation: You are frail. (-10% HP) [Xom's mischief]
  3680 | D:4      | Gained mutation: You are somewhat resistant to further mutation. [Xom's mischief]
  3680 | D:4      | Gained mutation: You are weak. (Str -2) [Xom's mischief]
  3680 | D:4      | Lost mutation: You are weak. (Str -2) [Xom's mischief]
  3683 | D:4      | Reached *** piety under Dithmenos
  3711 | D:5      | Entered Level 5 of the Dungeon
  3744 | D:5      | Found a runed door.
  3750 | D:5      | Noticed Verendum's ghost (amateur TeWr)
  3990 | D:5      | Found a shadowy altar of Dithmenos.
  4002 | D:5      | XOM: mild Ice miscast
  4407 | D:5      | Found a hide-covered altar of Uskayaw.
  4752 | D:6      | XOM: medium Necr miscast
  4793 | D:6      | Found a staircase to the Ecumenical Temple.
  4983 | D:6      | Reached **** piety under Dithmenos
  5284 | D:6      | XOM: harmless Tmut miscast
  5427 | D:7      | XOM: harmless Air miscast
  5508 | D:7      | XOM: harmless Hex miscast
  5607 | D:7      | XOM: silly message
  5659 | D:7      | Found Diulip's Gadget Shop.
  5959 | D:7      | Noticed Prince Ribbit
  6154 | D:7      | Killed Prince Ribbit
  6154 | D:7      | Reached XP level 10. HP: 82/82 MP: 18/18
  6270 | D:8      | XOM: noise
  6309 | D:8      | XOM: mild Chrm miscast
  6378 | D:8      | Noticed a two-headed ogre
  6394 | D:8      | Killed a two-headed ogre
  6511 | D:8      | XOM: divination: magic mapping
  6539 | D:8      | XOM: divination: magic mapping
  6843 | D:8      | XOM: medium Tloc miscast
  6993 | D:8      | Noticed a two-headed ogre
  7006 | D:8      | Killed a two-headed ogre
  7006 | D:8      | Reached skill level 5 in Conjurations
  7006 | D:8      | Reached skill level 5 in Hexes
  7006 | D:8      | Reached skill level 5 in Charms
  7006 | D:8      | Reached skill level 5 in Summonings
  7006 | D:8      | Reached skill level 5 in Necromancy
  7006 | D:8      | Reached skill level 5 in Translocations
  7006 | D:8      | Reached skill level 5 in Transmutations
  7006 | D:8      | Reached skill level 5 in Fire Magic
  7006 | D:8      | Reached skill level 5 in Ice Magic
  7006 | D:8      | Reached skill level 5 in Air Magic
  7006 | D:8      | Reached skill level 5 in Earth Magic
  7006 | D:8      | Reached skill level 5 in Poison Magic
  7248 | D:9      | Reached ***** piety under Dithmenos
  7249 | D:9      | Found a staircase to the Lair.
  7481 | D:9      | Reached XP level 11. HP: 32/89 MP: 20/20
  7640 | D:9      | XOM: mild Ice miscast
  7795 | D:9      | Found an ornate altar of the Wu Jian Council.
  7956 | Lair:1   | Entered Level 1 of the Lair of Beasts
  7965 | Lair:1   | Noticed a four-headed hydra
  7985 | Lair:1   | Killed a four-headed hydra
  8235 | Lair:1   | XOM: 1-stop teleportation journey
  8415 | Lair:1   | XOM: noise
  8517 | Lair:1   | XOM: summons 4 hostile shadow creatures
  8834 | Lair:1   | XOM: summons 3 hostile demons
  8834 | Lair:1   | Was forgiven by Xom
  9022 | Lair:1   | Noticed Gastronok
  9058 | Lair:1   | Killed Gastronok
 10569 | Lair:2   | Noticed a seven-headed hydra
 10596 | Lair:2   | Noticed an azure jelly
 10596 | Lair:2   | a seven-headed hydra changed into an azure jelly
 11014 | Lair:3   | Reached XP level 12. HP: 76/97 MP: 22/22
 11135 | Lair:3   | Found a labyrinth entrance.
 11145 | Lab      | Entered a labyrinth
 11846 | Lab      | Noticed a minotaur
 11860 | Lab      | Killed a minotaur
 11865 | Lab      | Identified Cage Pyj's Disquisition on Transmutation
 11867 | Lab      | Got a crystal great mace
 11867 | Lab      | Got heavily runed steam dragon scales
 11879 | Lab      | Identified the cursed +0 steam dragon scales of the Lobster {+Blink Regen+} (You found it in a labyrinth)
 11884 | Lab      | Identified a +1 pair of boots of running (You found it in a labyrinth)
 11891 | Lab      | Identified the +9 great mace of Isiol {crush, *Slow rC++ Int+3} (You found it in a labyrinth)
 12110 | Lair:3   | Found a staircase to the Snake Pit.
 12438 | Lair:4   | Reached skill level 10 in Fighting
 12438 | Lair:4   | Reached skill level 10 in Maces & Flails
 12666 | Lair:4   | Found a staircase to the Swamp.
 12674 | Lair:4   | Noticed Urug
 12691 | Lair:4   | Killed Urug
 13268 | Lair:5   | Noticed a death yak
 13273 | Lair:5   | Noticed a death yak
 13273 | Lair:5   | Noticed a death yak
 13273 | Lair:5   | Noticed a death yak
 13362 | Lair:5   | Identified a scroll of acquirement
 13443 | Lair:5   | Noticed Kirke
 13447 | Lair:5   | Noticed a sphinx
 13474 | Lair:5   | Noticed a sphinx
 13489 | Lair:5   | Paralysed by a sphinx for 4 turns
 13490 | Lair:5   | HP: 1/97 [manticore[Kirke] (4)]
 13490 | Lair:5   | Annihilated by a sphinx

Skill      XL: |  1  2  3  4  5  6  7  8  9 10 11 12 |
---------------+-------------------------------------+-----
Invocations    | 1 2 5 6 7 8 |  8.6
Short Blades   | 1 2 5 6 7 |  7.8
Long Blades    | 1 2 5 6 7 |  7.8
Axes           | 1 2 5 6 7 |  7.8
Polearms       | 1 2 5 6 7 |  7.8
Staves         | 1 2 5 6 7 |  7.8
Slings         | 1 2 5 6 7 |  7.8
Bows           | 1 2 5 6 7 |  7.8
Crossbows      | 1 2 5 6 7 |  7.8
Throwing       | 1 2 5 6 7 |  7.8
Stealth        | 1 2 5 6 7 |  7.8
Shields        | 1 2 5 6 7 |  7.8
Unarmed Combat | 1 2 5 6 7 |  7.8
Spellcasting   | 1 2 5 6 7 |  7.8
Evocations     | 1 2 5 6 7 |  7.8
Conjurations   | 1 4 5 6 |  6.5
Hexes          | 1 4 5 6 |  6.5
Charms         | 1 4 5 6 |  6.5
Summonings     | 1 4 5 6 |  6.5
Necromancy     | 1 4 5 6 |  6.5
Translocations | 1 4 5 6 |  6.5
Transmutations | 1 4 5 6 |  6.5
Fire Magic     | 1 4 5 6 |  6.5
Ice Magic      | 1 4 5 6 |  6.5
Air Magic      | 1 4 5 6 |  6.5
Earth Magic    | 1 4 5 6 |  6.5
Poison Magic   | 1 4 5 6 |  6.5
Dodging        | 3 5 6 7 8 |  8.3
Armour         | 5 6 7 8 9 |  9.1
Fighting       | 8 9 10 | 10.2
Maces & Flails | 8 9 10 | 10.2

Action                   |  1- 3 |  4- 6 |  7- 9 | 10-12 || total
-------------------------+-------+-------+-------+-------++-------
Melee: Mace              |    50 |   244 |   110 |       ||   404
       Bite              |     1 |    25 |    35 |    65 ||   126
       Whip              |       |       |   325 |   552 ||   877
       Great mace        |       |       |       |   131 ||   131
Invok: Shadow Form       |       |       |       |     2 ||     2
Evoke: Wand              |       |       |       |     9 ||     9
  Use: Scroll            |     5 |     6 |     5 |    13 ||    29
       Potion            |       |       |     6 |     8 ||    14
 Stab: Paralysed         |     7 |     3 |     5 |       ||    15
       Sleeping          |       |     6 |    10 |    22 ||    38
       Petrified         |       |     2 |       |       ||     2
       Confused          |       |     2 |       |       ||     2
       Distracted        |       |     5 |       |     2 ||     7
  Eat: Chunk             |       |     5 |    12 |    16 ||    33
       Ration            |       |       |     1 |     3 ||     4
Armor: Leather armour    |     5 |       |       |       ||     5
       Ring mail         |     8 |    73 |   122 |    63 ||   266
       Fire dragon scale |       |       |       |    16 ||    16
       Skin              |       |       |       |     4 ||     4
       Steam dragon scal |       |       |       |    57 ||    57
Dodge: Dodged            |    14 |    59 |   139 |   355 ||   567
Block: Large shield      |    16 |   140 |   269 |   283 ||   708
